 Dungeon Crawl Stone Soup version 0.29.0-7-g18a832c13a (webtiles) character file.

Game seed: 5830807843070414625

651 blackman the Fighter (level 7, -2/62 HPs)
             Began as a Human Wanderer on Aug 30, 2022.
             Splashed by a jelly's acid (7 damage)
             ... on level 5 of the Dungeon.
             The game lasted 00:09:42 (5135 turns).

blackman the Fighter (Human Wanderer)               Turns: 5135, Time: 00:09:43

Health: -2/62      AC:  0    Str: 12    XL:     7   Next: 84%
Magic:  10/10      EV:  4    Int:  9    God:
Gold:   202        SH:  4    Dex: 18    Spells: 6/6 levels left

rFire   . . .      SeeInvis .   l - +0 dagger (venom)
rCold   . . .      Faith    .   B - +0 buckler
rNeg    . . .      Spirit   .   i - +0 chain mail
rPois   .          Reflect  .   (no helmet)
rElec   .          Harm     .   (no cloak)
rCorr   .          Rampage  .   (no gloves)
Will    .....                   (no boots)
Stlth   ..........              z - amulet of regeneration
HPRegen 1.00/turn               (no ring)
MPRegen 0.12/turn               (no ring)

@: about to teleport, corroded
A: no striking features
a: no special abilities


You were on level 5 of the Dungeon.
You visited 1 branch of the dungeon, and saw 5 of its levels.

You collected 202 gold pieces.

Inventory:

Hand Weapons
 a - a +3 dagger
 c - a +0 hand axe
 l - a +0 dagger of venom (weapon)
Missiles
 j - 8 atropa-tipped darts (quivered)
Armour
 e - a +0 leather armour
 i - a +0 chain mail (worn)
 B - a +0 buckler (worn)
Jewellery
 s - an amulet of reflection
 z - an amulet of regeneration (around neck)
Scrolls
 d - a scroll of blinking
 t - 2 scrolls of fear
 u - a scroll of poison
 v - a scroll of torment
 x - a scroll of immolation {unknown}
 y - 2 scrolls of identify
 A - a scroll of noise {unknown}
Potions
 b - 2 potions of might
 f - 2 potions of lignification {unknown}
 g - 3 potions of berserk rage {unknown}
 h - 2 potions of degeneration {unknown}
 k - a potion of resistance {unknown}
 m - 3 potions of curing {unknown}
 n - a potion of flight {unknown}
 o - a potion of magic {unknown}
 p - a potion of mutation {unknown}
 q - 3 potions of invisibility {unknown}
 r - a potion of haste {unknown}
 w - 2 potions of brilliance {unknown}


   Skills:
 - Level 8.0 Fighting
 - Level 1.0 Axes
 - Level 1.0 Armour
 - Level 3.0 Stealth
 * Level 4.3 Invocations


You had 6 spell levels left.
You didn't know any spells.
Your spell library contained the following spells:

 Spells                   Type           Power      Damage    Failure   Level
 Gell's Gravitas          Tloc           0%         N/A       100%        3
 Teleport Other           Tloc           0%         N/A       100%        3
 Dispersal                Tloc           0%         N/A       100%        6


Dungeon Overview and Level Annotations

Branches:
Dungeon (5/15)
 Temple: D:4-7

Altars:

Shops:
D:2 *


Message History

The iguana is almost dead.
The iguana bites you! The iguana bites you.
You closely miss the iguana.
The iguana is almost dead.
You kill the iguana!
Magic restored.
You see here an iguana corpse.
Key pressed, stopping explore.
Found a stone staircase leading down.
Key pressed, stopping explore.
Key pressed, stopping explore.
Found 4 poisoned darts.
Found a stone staircase leading down.
A jelly comes into view.
Found an escape hatch in the ceiling.
The jelly quivers.
The jelly hits you.
You are splashed with acid!
You hit the jelly.
Your hands burn!
The jelly is lightly wounded.
An adder comes into view.
The jelly hits you.
You are splashed with acid!
The adder hisses angrily.
You hit the jelly.
Your hands burn!
The jelly is moderately wounded.
The jelly hits you. The acid corrodes you!
You are splashed with acid!
You are too injured to fight recklessly!
You are too injured to fight recklessly!
As you read the scroll of teleportation, it crumbles to dust.
You feel strangely unstable. The jelly barely misses you.
The jelly attacks as you move away! The jelly hits you. The acid corrodes you!
You are splashed with acid!
* * * LOW HITPOINT WARNING * * *
The jelly attacks as you move away! The jelly hits you.
* * * LOW HITPOINT WARNING * * *
The acid corrodes you!
You are splashed with acid!
* * * LOW HITPOINT WARNING * * *
There is a stone staircase leading down here.
The jelly attacks as you move away! The jelly hits you.
* * * LOW HITPOINT WARNING * * *
The acid corrodes you!
You are splashed with acid!
You die...

#.. #(# #.# #.# #.#
#.# #### #.# ..#
##########.#####.#
................@####
.###############J...#
.# #..##.# .# #...# #
.# #.S.# .# .....# .#
####<.. .# #..## .#
....


You could see a jelly and an adder.

Vanquished Creatures
  A black bear (D:4)
  A centaur (D:5)
  A necrophage (D:4)
  2 hounds
  An orc priest (D:4)
  An iguana (D:5)
  Jessica (D:2)
  A gnoll bouda (D:4)
  7 gnolls
  10 adders
  An ufetubus (D:3)
  A dart slug (D:4)
  4 orcs (D:4)
  7 endoplasms
  A giant cockroach (D:3)
  7 goblins
  8 hobgoblins
  3 jackals (D:2)
  4 quokkas
  5 ball pythons
  7 bats
  5 frilled lizards
  6 kobolds
  5 rats
90 creatures vanquished.

Vanquished Creatures (others)
  12 plants (D:2)
12 creatures vanquished.

Grand Total: 102 creatures vanquished

Notes
Turn   | Place    | Note
-------+----------+-------------------------------------------
     0 | D:1      | blackman the Human Wanderer began the quest for the Orb.
     0 | D:1      | blackman set off with the following items: a +3 dagger, a
                  | potion of might, a +0 hand axe, a scroll of blinking, a +0
                  | leather armour.
     0 | D:1      | Reached XP level 1. HP: 19/19 MP: 1/1
   265 | D:1      | Reached XP level 2. HP: 21/26 MP: 2/2
   892 | D:1      | Reached XP level 3. HP: 30/32 MP: 3/3
  1119 | D:2      | Found Deshich's General Store.
  1326 | D:2      | Reached skill level 5 in Fighting
  1530 | D:2      | Noticed Jessica
  1538 | D:2      | Killed Jessica
  1539 | D:2      | Reached XP level 4. HP: 22/39 MP: 4/4
  2396 | D:3      | Reached skill level 6 in Fighting
  2396 | D:3      | Reached XP level 5. HP: 27/46 MP: 5/5
  3098 | D:4      | Noticed a black bear
  3160 | D:4      | Killed a black bear
  3161 | D:4      | Reached skill level 7 in Fighting
  3161 | D:4      | Reached XP level 6. HP: 6/55 MP: 6/6
  3997 | D:4      | Reached XP level 7. HP: 50/60 MP: 7/7
  4575 | D:4      | Reached skill level 8 in Fighting
  4733 | D:5      | Entered Level 5 of the Dungeon
  5135 | D:5      | Splashed by a jelly's acid

Illustrated notes

Levels and vault maps discovered:
D:1:      dpeg_arrival_fog, layout_loops_cross
D:2:      layout_basic, serial_shops, nicolae_shop_stone, chequers_jeans,
          fountainhead, serial_bayou_pond_c, kennysheep_decorative_pillar,
          uniq_jessica
D:3:      layout_rooms, nicolae_kite_square_tiling_tiny
D:4:      layout_gridville
D:5:      layout_basic, sigmund_edmund_badplayer

Skill      XL: |  1  2  3  4  5  6  7 |
---------------+----------------------+-----
Fighting       | 5 6 7 8 |  8.0
Invocations    | 4 |  4.3
Axes           | |  1.0
Armour         | |  1.0
Stealth        | |  3.0

Action                   |  1- 3 |  4- 6 |  7- 9 || total
-------------------------+-------+-------+-------++-------
Melee: Dagger            |    83 |   184 |   123 ||   390
       Punch             |     1 |     3 |     1 ||     5
Throw: Dart              |       |     5 |       ||     5
  Use: Scroll            |       |     5 |     1 ||     6
 Stab: Sleeping          |     2 |       |       ||     2
Armor: Leather armour    |     4 |       |       ||     4
       Chain mail        |    44 |   132 |    59 ||   235
Dodge: Dodged            |    28 |    56 |    26 ||   110
Block: Other             |       |    31 |       ||    31
       Buckler           |       |       |    12 ||    12
